TOP OF THE 1ST |
Maui Tropics batting - Pitching for San Francisco Bandits : RHP Álex Rodríguez
|
Pitching: RHP Álex Rodríguez
|
|
Batting: RHB Pat Haynes
|
0-0: Swinging Strike 0-1: Ball 1-1: Ball 2-1: Ground out 6-3 (Groundball, 6)
|
Batting: LHB Juan Jose Rojas
|
0-0: Foul Ball, location: 2F 0-1: Ball 1-1: Swinging Strike 1-2: Ball 2-2: Ball 3-2: Ground out U3 (Groundball, 3S)
|
Batting: RHB Jesús Espinoza
|
0-0: Ball 1-0: Called Strike 1-1: Fly out, F9 (Flyball, 9M)
|
Top of the 1st over - 0 run(s), 0 hit(s), 0 error(s), 0 left on base; Maui 0 - San Francisco 0 |
BOTTOM OF THE 1ST |
San Francisco Bandits batting - Pitching for Maui Tropics : LHP Stan Aldridge
|
Pitching: LHP Stan Aldridge
|
|
Batting: RHB Pete Rideout
|
0-0: Swinging Strike 0-1: Ball 1-1: Ball 2-1: SINGLE (Groundball, 6M)
|
Batting: RHB Jorge Díaz
|
0-0: Ball Pete Rideout is caught stealing 2nd base 1-0: Fly out, F8 (Flyball, 8RM)
|
Batting: RHB Cory Foster
|
0-0: Fly out, F9 (Flyball, 9LMF)
|
Bottom of the 1st over - 0 run(s), 1 hit(s), 0 error(s), 0 left on base; Maui 0 - San Francisco 0 |
TOP OF THE 2ND |
Maui Tropics batting - Pitching for San Francisco Bandits : RHP Álex Rodríguez
|
Batting: LHB Luis Antonio Torres
|
0-0: Ball 1-0: Ball 2-0: Ball 3-0: Base on Balls
|
Batting: RHB Damian Yates
|
0-0: Ball 1-0: Called Strike 1-1: Grounds into double play, 5-4-3 (Groundball, 5)
|
Batting: RHB Phil White
|
0-0: Called Strike 0-1: Ball 1-1: Ball 2-1: Swinging Strike 2-2: Foul Ball, location: 2F 2-2: Ball 3-2: Foul Ball, location: 2F 3-2: Foul Ball, location: 2F 3-2: Strikes out swinging
|
Top of the 2nd over - 0 run(s), 0 hit(s), 0 error(s), 0 left on base; Maui 0 - San Francisco 0 |
BOTTOM OF THE 2ND |
San Francisco Bandits batting - Pitching for Maui Tropics : LHP Stan Aldridge
|
Batting: RHB Ramón Ruíz
|
0-0: Called Strike 0-1: Ground out 6-3 (Groundball, 6M)
|
Batting: LHB John Peterson
|
0-0: Ball 1-0: Foul Ball, location: 2F 1-1: Called Strike 1-2: Foul Ball, location: 2F 1-2: Ball 2-2: Ground out 4-3 (Groundball, 34)
|
Batting: RHB Michael Elliott
|
0-0: Ball 1-0: Swinging Strike 1-1: Ground out 5-3 (Groundball, 5)
|
Bottom of the 2nd over - 0 run(s), 0 hit(s), 0 error(s), 0 left on base; Maui 0 - San Francisco 0 |
TOP OF THE 3RD |
Maui Tropics batting - Pitching for San Francisco Bandits : RHP Álex Rodríguez
|
Batting: LHB Henry Huffman
|
0-0: Called Strike 0-1: Foul Ball, location: 2F 0-2: SOLO HOME RUN (Flyball, 89XD), Distance : 438 ft
|
Batting: LHB Javier Espinoza
|
0-0: Fly out, F7 (Flyball, 7LSF)
|
Batting: LHB Mario Olivares
|
0-0: Ground out 6-3 (Groundball, 6M)
|
Batting: RHB Pat Haynes
|
0-0: Called Strike 0-1: Ball 1-1: Ball 2-1: Foul Ball, location: 2F 2-2: Foul Ball, location: 2F 2-2: Foul Ball, location: 2F 2-2: Fly out, F4 (Popup, 4M)
|
Top of the 3rd over - 1 run(s), 1 hit(s), 0 error(s), 0 left on base; Maui 1 - San Francisco 0 |
BOTTOM OF THE 3RD |
San Francisco Bandits batting - Pitching for Maui Tropics : LHP Stan Aldridge
|
Batting: LHB Charles-Antoine Champagne
|
0-0: Ball 1-0: Foul Ball, location: 2F 1-1: Ball 2-1: Ground out 6-3 (Groundball, 6)
|
Batting: SHB Vicente Ricks
|
0-0: Ground out 4-3 (Groundball, 4)
|
Batting: RHB Culley Douglas
|
0-0: Ball 1-0: Called Strike 1-1: Foul Ball, location: 2F 1-2: Strikes out swinging
|
Bottom of the 3rd over - 0 run(s), 0 hit(s), 0 error(s), 0 left on base; Maui 1 - San Francisco 0 |
TOP OF THE 4TH |
Maui Tropics batting - Pitching for San Francisco Bandits : RHP Álex Rodríguez
|
Batting: LHB Juan Jose Rojas
|
0-0: Swinging Strike 0-1: SINGLE (Groundball, 34D)
|
Batting: RHB Jesús Espinoza
|
0-0: Called Strike 0-1: SINGLE (Line Drive, 6MD) Juan Jose Rojas to second
|
Batting: LHB Luis Antonio Torres
|
0-0: SINGLE (Groundball, 34D) Juan Jose Rojas to third Jesús Espinoza to second
|
Batting: RHB Damian Yates
|
0-0: Called Strike 0-1: Swinging Strike 0-2: Strikes out swinging
|
Batting: RHB Phil White
|
0-0: Swinging Strike 0-1: Swinging Strike 0-2: Ball 1-2: Strikes out looking
|
Batting: LHB Henry Huffman
|
0-0: Ball 1-0: Foul Ball, location: 2F 1-1: Swinging Strike 1-2: Strikes out looking
|
Top of the 4th over - 0 run(s), 3 hit(s), 0 error(s), 3 left on base; Maui 1 - San Francisco 0 |
BOTTOM OF THE 4TH |
San Francisco Bandits batting - Pitching for Maui Tropics : LHP Stan Aldridge
|
Batting: RHB Pete Rideout
|
0-0: Swinging Strike 0-1: Foul Ball, location: 2F 0-2: Strikes out looking
|
Batting: RHB Jorge Díaz
|
0-0: SINGLE (Groundball, 4M)
|
Batting: RHB Cory Foster
|
0-0: Ball 1-0: Ball 2-0: Called Strike 2-1: Called Strike 2-2: Fly out, F5 (Line Drive, 5S)
|
Batting: RHB Ramón Ruíz
|
0-0: Fielders Choice at 2nd, 6-4 (Groundball, 56)
|
Bottom of the 4th over - 0 run(s), 1 hit(s), 0 error(s), 0 left on base; Maui 1 - San Francisco 0 |
TOP OF THE 5TH |
Maui Tropics batting - Pitching for San Francisco Bandits : RHP Álex Rodríguez
|
Batting: LHB Javier Espinoza
|
0-0: Foul Ball, location: 2F 0-1: Called Strike 0-2: Ball 1-2: Ground out 4-3 (Groundball, 34)
|
Batting: LHB Mario Olivares
|
0-0: SINGLE (Groundball, 34)
|
Batting: RHB Pat Haynes
|
0-0: Called Strike 0-1: Ball 1-1: Called Strike 1-2: Grounds into double play, 6-4-3 (Groundball, 6)
|
Top of the 5th over - 0 run(s), 1 hit(s), 0 error(s), 0 left on base; Maui 1 - San Francisco 0 |
BOTTOM OF THE 5TH |
San Francisco Bandits batting - Pitching for Maui Tropics : LHP Stan Aldridge
|
Batting: LHB John Peterson
|
0-0: Ball 1-0: Fly out, F3 (Popup, 23)
|
Batting: RHB Michael Elliott
|
0-0: Ground out 4-3 (Groundball, 4)
|
Batting: LHB Charles-Antoine Champagne
|
0-0: Ball 1-0: Called Strike 1-1: DOUBLE (Flyball, 7LM)
|
Batting: SHB Vicente Ricks
|
0-0: Ball 1-0: Foul Ball, location: 2F 1-1: Called Strike 1-2: Foul Ball, location: 2F 1-2: Ball 2-2: Strikes out swinging
|
Bottom of the 5th over - 0 run(s), 1 hit(s), 0 error(s), 1 left on base; Maui 1 - San Francisco 0 |
TOP OF THE 6TH |
Maui Tropics batting - Pitching for San Francisco Bandits : RHP Álex Rodríguez
|
Batting: LHB Juan Jose Rojas
|
0-0: Ball 1-0: Foul Ball, location: 2F 1-1: Fly out, F7 (Flyball, 7D)
|
Batting: RHB Jesús Espinoza
|
0-0: Called Strike 0-1: Ball 1-1: Called Strike 1-2: Ball 2-2: Strikes out swinging
|
Batting: LHB Luis Antonio Torres
|
0-0: Ball 1-0: Ball 2-0: Reached on error, E5 (Groundball, 5S)
|
Batting: RHB Damian Yates
|
0-0: Ball 1-0: Ball 2-0: Fly out, F8 (Flyball, 8LM)
|
Top of the 6th over - 0 run(s), 0 hit(s), 1 error(s), 1 left on base; Maui 1 - San Francisco 0 |
BOTTOM OF THE 6TH |
San Francisco Bandits batting - Pitching for Maui Tropics : LHP Stan Aldridge
|
Batting: RHB Culley Douglas
|
0-0: Foul Ball, location: 2F 0-1: Swinging Strike 0-2: Ball 1-2: Ground out 5-3 (Groundball, 56)
|
Batting: RHB Pete Rideout
|
0-0: Called Strike 0-1: Fly out, F8 (Flyball, 8LM)
|
Batting: RHB Jorge Díaz
|
0-0: Foul Ball, location: 2F 0-1: Ball 1-1: Ground out 4-3 (Groundball, 4M)
|
Bottom of the 6th over - 0 run(s), 0 hit(s), 0 error(s), 0 left on base; Maui 1 - San Francisco 0 |
TOP OF THE 7TH |
Maui Tropics batting - Pitching for San Francisco Bandits : RHP Álex Rodríguez
|
Batting: RHB Phil White
|
0-0: Ball 1-0: Ball 2-0: Swinging Strike 2-1: Ball 3-1: Foul Ball, location: 2F 3-2: Fly out, F9 (Flyball, 9M)
|
Batting: LHB Henry Huffman
|
0-0: Ball 1-0: Called Strike 1-1: SINGLE (Groundball, 5S) (infield hit)
|
Batting: LHB Javier Espinoza
|
0-0: SINGLE (Line Drive, 4D) Henry Huffman to second
|
Batting: LHB Mario Olivares
|
0-0: SINGLE (Flyball, 8LS) Henry Huffman to third Javier Espinoza to second Runner from 3rd tries for Home, SAFE, no throw or cutoff
|
Pitching: RHP José Rivera
|
|
Batting: RHB Pat Haynes
|
0-0: Ball 1-0: Ball 2-0: Grounds into double play, 5-4-3 (Groundball, 56)
|
Top of the 7th over - 1 run(s), 3 hit(s), 0 error(s), 1 left on base; Maui 2 - San Francisco 0 |
BOTTOM OF THE 7TH |
San Francisco Bandits batting - Pitching for Maui Tropics : LHP Stan Aldridge
|
Batting: RHB Cory Foster
|
0-0: Ball 1-0: Called Strike 1-1: Fly out, F7 (Flyball, 7M)
|
Batting: RHB Ramón Ruíz
|
0-0: Called Strike 0-1: Ball 1-1: Foul Ball, location: 2F 1-2: Ball 2-2: Ball 3-2: Base on Balls
|
Pinch Runner at 1st Greg Ball:
|
|
Batting: LHB John Peterson
|
0-0: Ball 1-0: Ball 2-0: Called Strike 2-1: Ball 3-1: Foul Ball, location: 2F 3-2: Strikes out swinging
|
Batting: RHB Michael Elliott
|
0-0: Ball 1-0: Ball 2-0: Called Strike 2-1: Ball 3-1: Fly out, F7 (Flyball, 78D)
|
Bottom of the 7th over - 0 run(s), 0 hit(s), 0 error(s), 1 left on base; Maui 2 - San Francisco 0 |
TOP OF THE 8TH |
Maui Tropics batting - Pitching for San Francisco Bandits : RHP José Rivera
|
Now at 1B: Andrew Benson
|
|
Batting: LHB Juan Jose Rojas
|
0-0: Ball 1-0: Foul Ball, location: 2F 1-1: SINGLE (Line Drive, 89S)
|
Batting: RHB Jesús Espinoza
|
0-0: Called Strike 0-1: Swinging Strike 0-2: Fly out, F2 (Popup, 23F)
|
Batting: LHB Luis Antonio Torres
|
0-0: Foul Ball, location: 2F 0-1: Ball 1-1: SINGLE (Groundball, 56D) Juan Jose Rojas to second
|
Batting: RHB Damian Yates
|
0-0: 3-RUN HOME RUN (Flyball, 9D), Distance : 379 ft
|
Pitching: RHP Mal Park
|
|
Batting: RHB Phil White
|
0-0: Ball 1-0: Foul Ball, location: 2F 1-1: Foul Ball, location: 2F 1-2: Strikes out looking
|
Batting: LHB Henry Huffman
|
0-0: Ball 1-0: Called Strike 1-1: Ball 2-1: Ball 3-1: Foul Ball, location: 2F 3-2: Base on Balls
|
Batting: LHB Javier Espinoza
|
0-0: Called Strike 0-1: Swinging Strike 0-2: Strikes out swinging
|
Top of the 8th over - 3 run(s), 3 hit(s), 0 error(s), 1 left on base; Maui 5 - San Francisco 0 |
BOTTOM OF THE 8TH |
San Francisco Bandits batting - Pitching for Maui Tropics : LHP Stan Aldridge
|
Now in LF: Armando Martínez
|
|
Batting: LHB Charles-Antoine Champagne
|
0-0: Fly out, F6 (Popup, 56)
|
Batting: SHB Vicente Ricks
|
0-0: Called Strike 0-1: Fly out, F8 (Flyball, 89M)
|
Batting: RHB Culley Douglas
|
0-0: Called Strike 0-1: Ball 1-1: Foul Ball, location: 2F 1-2: Ball 2-2: Strikes out looking
|
Bottom of the 8th over - 0 run(s), 0 hit(s), 0 error(s), 0 left on base; Maui 5 - San Francisco 0 |
TOP OF THE 9TH |
Maui Tropics batting - Pitching for San Francisco Bandits : RHP Mal Park
|
Batting: LHB Mario Olivares
|
0-0: Ball 1-0: Foul Ball, location: 2F 1-1: Foul Ball, location: 2F 1-2: SINGLE (Line Drive, 6)
|
Batting: RHB Pat Haynes
|
0-0: Foul Ball, location: 2F 0-1: Sac Bunt - play at first, batter OUT! 2-4 Mario Olivares to second
|
Batting: LHB Juan Jose Rojas
|
0-0: Ball 1-0: Ball 2-0: Foul Ball, location: 2F 2-1: Ball 3-1: Foul Ball, location: 2F 3-2: Fly out, F6 (Popup, 6MD)
|
Batting: RHB Jesús Espinoza
|
0-0: Ball 1-0: Called Strike 1-1: Foul Ball, location: 2F 1-2: Ball 2-2: Foul Ball, location: 2F 2-2: Ground out 4-3 (Groundball, 4M)
|
Top of the 9th over - 0 run(s), 1 hit(s), 0 error(s), 1 left on base; Maui 5 - San Francisco 0 |
BOTTOM OF THE 9TH |
San Francisco Bandits batting - Pitching for Maui Tropics : LHP Stan Aldridge
|
Batting: RHB Pete Rideout
|
0-0: Ball 1-0: Called Strike 1-1: Swinging Strike 1-2: Strikes out swinging
|
Pitching: RHP Junior Mateo
|
|
Batting: RHB Jorge Díaz
|
0-0: Ball 1-0: Called Strike 1-1: Called Strike 1-2: Foul Ball, location: 2F 1-2: Ball 2-2: Ball 3-2: Foul Ball, location: 2F 3-2: Foul Ball, location: 2F 3-2: Foul Ball, location: 2F 3-2: Base on Balls
|
Batting: RHB Cory Foster
|
0-0: Ball 1-0: Swinging Strike 1-1: Fly out, F7 (Flyball, 7D)
|
Batting: RHB Andrew Benson
|
0-0: Foul Ball, location: 2F 0-1: Ground out 5-3 (Groundball, 5S)
|
Bottom of the 9th over - 0 run(s), 0 hit(s), 0 error(s), 1 left on base; Maui 5 - San Francisco 0 |
|